[Event "Serbian League Women 2024"]
[Site "Bajina Basta"]
[Date "2024.10.01"]
[Round "5.1"]
[White "Garifullina, Leya"]
[Black "Savitha Shri B"]
[Result "1-0"]
[ECO "B33"]
[WhiteElo "2438"]
[BlackElo "2348"]
[Annotator "TA"]
[PlyCount "93"]
[EventDate "2024.09.26"]
[EventType "team-tourn"]
[EventCountry "SRB"]
[SourceTitle "playchess.com"]
[Source "ChessBase"]
[SourceQuality "1"]
[TimeControl "40/5400+30:1800+30"]

1. e4 c5 2. Nf3 Nc6 3. d4 cxd4 4. Nxd4 Nf6 5. Nc3 e5 6. Ndb5 d6 7. Nd5 Nxd5 8. exd5 Nb8 9. a4 Be7 10. Be2 O-O 11. Bd2 {[%emt 0:00:37] B33: Sicilian: Pelikan and Sveshnikov Variations.} Nd7 12. a5 a6 13. Na3 Nf6 14. Bb4 b5 15. c4 Bb7 16. O-O bxc4 17. Bxc4 Rb8 18. Be1 Rc8 19. b4 $146 ({Predecessor:} 19. Qd3 Rc7 20. f3 Nh5 21. g3 Qa8 22. Bf2 Nf6 23. Rfd1 h5 24. b4 Rfc8 25. Bb6 Rxc4 26. Nxc4 Nxd5 {½-½ Helbich,J (2517)-Jones,I (2412) EU-chT11 fin email 2021}) 19... Rc7 20. Qd3 Qa8 21. Rd1 $1 Rfc8 22. f3 g6 23. Bb3 Bf8 24. Nb1 Nh5 25. g3 Bg7 26. Na3 Rf8 27. Nc4 Qd8 28. Nb6 Qe7 29. Bc4 f5 ({Better is} 29... Nf6 $1 $14) 30. Qe2 (30. Bxa6 $6 e4 31. fxe4 fxe4 $11) 30... f4 31. g4 (31. Bxa6 $2 Bxa6 32. Qxa6 fxg3 33. hxg3 Qg5 $19) 31... Nf6 32. Bh4 (32. Bxa6 Bxa6 33. Qxa6 e4 $11) 32... h6 33. Bxf6 $1 (33. Bxa6 Bxa6 34. Qxa6 g5 $15) 33... Qxf6 34. Bd3 (34. Bxa6 Bxa6 35. Qxa6 h5 $15) 34... Qg5 (34... Rff7 $16 35. Be4 (35. Bxa6 Bxa6 36. Qxa6 e4 $11) 35... Rc3) 35. Kh1 $18 (35. Bxa6 $2 Bxa6 36. Qxa6 e4 $19) 35... Rff7 36. Qe4 ({Stronger than} 36. Bxa6 Bxa6 37. Qxa6 e4 $11) ({White should play} 36. Rc1 $18) 36... Kh7 $2 (36... Rc3 $16 {was called for.}) 37. Rc1 $18 Bf8 38. b5 axb5 39. Bxb5 Qd8 40. Bd3 Rg7 41. Qb4 Rc5 42. Rxc5 dxc5 43. Qc4 Rf7 44. Be4 Rf6 45. Rb1 Qc7 46. Qb5 Be7 47. Qd7 1-0

[Event "Serbian League Women 2024"]
[Site "Bajina Basta"]
[Date "2024.10.01"]
[Round "5.2"]
[White "Toncheva, Nadya"]
[Black "Rakhmangulova, Anastasiya"]
[Result "0-1"]
[ECO "C41"]
[WhiteElo "2301"]
[BlackElo "2283"]
[Annotator "RC"]
[PlyCount "86"]
[EventDate "2024.09.26"]
[EventType "team-tourn"]
[EventCountry "SRB"]
[SourceTitle "playchess.com"]
[Source "ChessBase"]
[SourceQuality "1"]
[TimeControl "40/5400+30:1800+30"]

1. e4 d6 2. d4 Nf6 3. Nc3 e5 4. Nf3 Nbd7 5. Bc4 Be7 6. O-O O-O 7. Re1 c6 8. a4 a5 9. h3 h6 10. Be3 Re8 11. Qb1 exd4 12. Bxd4 Nf8 13. Qa2 Be6 14. Rad1 N6d7 15. Ne2 Qc7 16. Bc3 Ne5 17. Nxe5 dxe5 18. Ng3 g6 19. Qb3 Rad8 20. Nf1 Bxc4 21. Qxc4 Ne6 22. Nh2 Bf8 23. Nf3 Bg7 24. g3 Bf6 25. h4 h5 26. Kg2 Kg7 27. b3 b6 28. Bb2 Rd6 29. Ba3 Rd7 30. c3 Red8 31. Qe2 Rxd1 32. Rxd1 Rd7 33. Rxd7 Qxd7 34. Qe3 b5 35. axb5 cxb5 36. Nd2 Qb7 37. Qd3 Bxh4 38. Qd5 Qb6 39. Bd6 Nf4+ 40. gxf4 Qxf2+ 41. Kh1 Bg3 42. Bxe5+ Kh6 43. Bg7+ Kh7 0-1

[Event "Serbian League Women 2024"]
[Site "Bajina Basta"]
[Date "2024.10.01"]
[Round "5.3"]
[White "Eric, Jovana"]
[Black "Grozdanovic, Anastasia"]
[Result "1/2-1/2"]
[ECO "B41"]
[WhiteElo "2162"]
[BlackElo "2041"]
[Annotator "RC"]
[PlyCount "56"]
[EventDate "2024.09.26"]
[EventType "team-tourn"]
[EventCountry "SRB"]
[SourceTitle "playchess.com"]
[Source "ChessBase"]
[SourceQuality "1"]
[TimeControl "40/5400+30:1800+30"]

1. e4 c5 2. Nf3 e6 3. d4 cxd4 4. Nxd4 a6 5. c4 Nf6 6. Nc3 Bb4 7. Qd3 d5 8. exd5 exd5 9. Be2 O-O 10. O-O Nc6 11. Nxc6 bxc6 12. cxd5 Nxd5 13. Nxd5 Qxd5 14. Qg3 Bd6 15. Bf4 Bxf4 16. Qxf4 Be6 17. b3 Qa5 18. Rfc1 Rac8 19. h4 Rfd8 20. Bf3 c5 21. h5 h6 22. Qe5 Qb6 23. Qe3 a5 24. Rc3 Qb4 25. Rac1 a4 26. bxa4 Qxa4 27. Rxc5 Rxc5 28. Qxc5 Qxa2 1/2-1/2

[Event "Serbian League Women 2024"]
[Site "Bajina Basta"]
[Date "2024.10.01"]
[Round "5.5"]
[White "Pogorelskikh, Sofia"]
[Black "Gaponenko, Inna"]
[Result "1-0"]
[ECO "B79"]
[WhiteElo "2176"]
[BlackElo "2324"]
[Annotator "RC"]
[PlyCount "77"]
[EventDate "2024.09.26"]
[EventType "team-tourn"]
[EventCountry "SRB"]
[SourceTitle "playchess.com"]
[Source "ChessBase"]
[SourceQuality "1"]
[TimeControl "40/5400+30:1800+30"]

1. e4 c5 2. Nf3 d6 3. d4 cxd4 4. Nxd4 Nf6 5. Nc3 g6 6. Be3 Bg7 7. f3 O-O 8. Qd2 Nc6 9. Bc4 Bd7 10. h4 Ne5 11. Bb3 Qa5 12. O-O-O Rfc8 13. Kb1 Nc4 14. Bxc4 Rxc4 15. Nb3 Qc7 16. Bd4 Be6 17. h5 a5 18. h6 Bf8 19. a4 Bd7 20. Bxf6 exf6 21. Nd5 Qd8 22. Qe3 Rac8 23. Nb6 Rxc2 24. Nxc8 Rxc8 25. Qd4 b5 26. axb5 Bxb5 27. Rc1 Rb8 28. Na1 Qe7 29. Nc2 Qe5 30. Qxe5 fxe5 31. Ne3 Bd3+ 32. Ka2 f5 33. Rc7 Rb4 34. b3 Rd4 35. Nd5 Rxd5 36. exd5 f4 37. Ra7 e4 38. Rc1 exf3 39. Rc8 1-0

[Event "Serbian League Women 2024"]
[Site "Bajina Basta"]
[Date "2024.10.01"]
[Round "5.6"]
[White "Doluhanova, Evgeniya"]
[Black "Ibrahimova, Sabina"]
[Result "1-0"]
[ECO "A46"]
[WhiteElo "2304"]
[BlackElo "2199"]
[Annotator "RC"]
[PlyCount "79"]
[EventDate "2024.09.26"]
[EventType "team-tourn"]
[EventCountry "SRB"]
[SourceTitle "playchess.com"]
[Source "ChessBase"]
[SourceQuality "1"]
[TimeControl "40/5400+30:1800+30"]

1. Nf3 Nf6 2. b3 g6 3. Bb2 Bg7 4. d4 O-O 5. Nbd2 d6 6. e4 c5 7. dxc5 dxc5 8. Bc4 Bg4 9. O-O Nc6 10. Re1 Na5 11. Bd3 Qc7 12. Rb1 Rad8 13. h3 Bc8 14. Be5 Qb6 15. Qe2 h6 16. a3 Be6 17. b4 Nc6 18. bxc5 Qa5 19. Rb5 Qa4 20. Bc7 Rc8 21. Rxb7 Qxa3 22. Bh2 Qxc5 23. Rb5 Nd4 24. Nxd4 Qxd4 25. Reb1 Nd7 26. Nf3 Qc3 27. Bf4 Qc6 28. Ra5 Ra8 29. e5 Nb6 30. Be4 Nd5 31. Bd2 Rad8 32. c4 Rd7 33. cxd5 Bxd5 34. Bxd5 Rxd5 35. Rxd5 Qxd5 36. Qb5 Qe4 37. Be3 a6 38. Qb4 Qf5 39. Rd1 Qe6 40. Qb6 1-0

[Event "Serbian League Women 2024"]
[Site "Bajina Basta"]
[Date "2024.10.01"]
[Round "5.7"]
[White "Djukic, Sandra"]
[Black "Petronic, Sanja"]
[Result "0-1"]
[ECO "A65"]
[WhiteElo "2126"]
[BlackElo "2081"]
[Annotator "RC"]
[PlyCount "78"]
[EventDate "2024.09.26"]
[EventType "team-tourn"]
[EventCountry "SRB"]
[SourceTitle "playchess.com"]
[Source "ChessBase"]
[SourceQuality "1"]
[TimeControl "40/5400+30:1800+30"]

1. d4 Nf6 2. c4 c5 3. d5 e6 4. Nc3 exd5 5. cxd5 d6 6. e4 g6 7. f3 Bg7 8. Be3 a6 9. a4 O-O 10. Nge2 h5 11. Nf4 Nbd7 12. Nd3 Rb8 13. Be2 b5 14. axb5 axb5 15. O-O Re8 16. Nf2 b4 17. Na4 Bb7 18. Bf4 Nb6 19. Bb5 Nxa4 20. Bxa4 Re7 21. Qd2 Qb6 22. Rfc1 Nd7 23. Kh1 Ne5 24. Bg5 Rc7 25. f4 Ng4 26. Nxg4 hxg4 27. f5 gxf5 28. exf5 f6 29. Bf4 Ra8 30. Qe2 Bxd5 31. Bb3 Qb7 32. Rxa8+ Qxa8 33. Bxd6 Rc8 34. Qd3 c4 35. Qc2 Bh6 36. Qe2 Bxc1 37. Qxg4+ Bg5 38. Bd1 Bxg2+ 39. Kg1 Qe4 0-1

[Event "Serbian League Women 2024"]
[Site "Bajina Basta"]
[Date "2024.10.01"]
[Round "5.9"]
[White "Osmak, Yuliia"]
[Black "Chelushkina, Irina"]
[Result "1-0"]
[ECO "D32"]
[WhiteElo "2471"]
[BlackElo "2167"]
[Annotator "TA"]
[PlyCount "69"]
[EventDate "2024.09.26"]
[EventType "team-tourn"]
[EventCountry "SRB"]
[SourceTitle "playchess.com"]
[Source "ChessBase"]
[SourceQuality "1"]
[TimeControl "40/5400+30:1800+30"]

1. d4 d5 2. c4 e6 3. Nc3 c5 4. cxd5 cxd4 5. Qa4+ Bd7 6. Qxd4 exd5 7. Qxd5 (7. Nxd5 Nc6 8. Qf4 Qa5+ 9. Nc3 Nb4 $11) 7... Nf6 8. Qd1 Bc5 9. Nf3 O-O {[%emt 0:02:25] White is slightly better.} 10. a3 Qc7 11. g3 Qb6 12. e3 Rd8 13. Qc2 Na6 14. Bg2 Be7 15. O-O Nc5 16. b4 Ne6 17. e4 Rac8 18. Bb2 (18. Be3 $16 Qa6 19. Qb2) 18... Bc6 {[%emt 0:10:39] [#] This move loses the game for Black.} (18... a5 $14) 19. Qe2 $1 $18 a5 20. b5 Be8 21. e5 Ng4 {[%emt 0:07:15] [#]} (21... Nd5 $16 22. Nxd5 Rxd5) 22. a4 $1 h5 23. h3 Nh6 24. Rfd1 h4 25. Kh2 (25. gxh4 $6 Bb4 $18 (25... Nf4 $2 26. Qe4 $18)) (25. Nxh4 $6 Bxh4 26. gxh4 (26. Nd5 Rxd5 27. Bxd5 Bg5 $16) 26... Nf4 $18) (25. Nd5 Rxd5 26. Rxd5 hxg3 $16) 25... Bc5 (25... hxg3+ {was worth a try.} 26. fxg3 Nf5) 26. Nxh4 g5 (26... Nd4 $142 27. Qc4 Qe6 28. Qxe6 Nxe6 29. Bxb7 Rb8 30. Rxd8 Rxd8) 27. Qh5 (27. Nd5 Rxd5 28. Rxd5 (28. Bxd5 gxh4 29. Rac1 hxg3+ 30. fxg3 Nf5 $16) 28... gxh4 $16) (27. Ne4 $142 gxh4 28. Nf6+ (28. gxh4 Be7 $16) 28... Kg7 29. Qe4 (29. gxh4 Be7 $18) 29... hxg3+ 30. fxg3) 27... Bf8 28. Ne4 gxh4 $2 {[%emt 0:03:37] [#]} (28... Bg7 29. Nxg5 f6) 29. Rd6 $1 Rxd6 (29... hxg3+ 30. fxg3) 30. exd6 {[%emt 0:00:36] Hoping for Nf6+.} Rc2 31. Nf6+ Kh8 32. Nd5+ f6 33. Bxf6+ {[%emt 0:00:38] White mates.} (33. Qxe8 Qxf2 34. Rg1 (34. Bxf6+ $2 {loses.} Kh7 $19) 34... Rxb2 $15) 33... Kg8 34. Qxe8 hxg3+ 35. fxg3 {[%emt 0:01:01] Weighted Error Value: White=0.24 (precise) /Black=0.67.  Mistake:       	White=2     	Black=5      Inaccurate:     	White=1     	Black=7      OK:         	White=10    	Black=5      Best:        	White=4     	Black=1      Strong:       	White=1     	---} 1-0

[Event "Serbian League Women 2024"]
[Site "Bajina Basta"]
[Date "2024.10.01"]
[Round "5.10"]
[White "Borisova, Ekaterina"]
[Black "Roebers, Eline"]
[Result "0-1"]
[ECO "D30"]
[WhiteElo "2205"]
[BlackElo "2340"]
[Annotator "RC"]
[PlyCount "64"]
[EventDate "2024.09.26"]
[EventType "team-tourn"]
[EventCountry "SRB"]
[SourceTitle "playchess.com"]
[Source "ChessBase"]
[SourceQuality "1"]
[TimeControl "40/5400+30:1800+30"]

1. d4 e6 2. c4 d5 3. Nf3 c6 4. g3 dxc4 5. Bg2 b5 6. O-O Bb7 7. Ne5 Nf6 8. a4 a6 9. b3 cxb3 10. Qxb3 Qxd4 11. Bb2 Qb6 12. Nd2 Be7 13. Ndf3 O-O 14. Nxf7 Rxf7 15. Qxe6 Nbd7 16. Ng5 Raf8 17. axb5 Nc5 18. Qh3 cxb5 19. Bxf6 gxf6 20. Nxf7 Rxf7 21. Bxb7 Qxb7 22. Qg4+ Kh8 23. Rfb1 Bf8 24. h4 f5 25. Qd4+ Kg8 26. Qf4 Qe4 27. Qg5+ Rg7 28. Qd2 f4 29. Rb4 Qe5 30. Rd1 fxg3 31. f4 Qf5 32. Kg2 Ne6 0-1

[Event "Serbian League Women 2024"]
[Site "Bajina Basta"]
[Date "2024.10.01"]
[Round "5.11"]
[White "Maksimovic, Suzana"]
[Black "Mihailova, Alina"]
[Result "0-1"]
[ECO "D35"]
[WhiteElo "2052"]
[BlackElo "1969"]
[Annotator "RC"]
[PlyCount "122"]
[EventDate "2024.09.26"]
[EventType "team-tourn"]
[EventCountry "SRB"]
[SourceTitle "playchess.com"]
[Source "ChessBase"]
[SourceQuality "1"]
[TimeControl "40/5400+30:1800+30"]

1. d4 d5 2. c4 e6 3. Nc3 Nf6 4. cxd5 exd5 5. Bg5 Be7 6. e3 O-O 7. Bd3 Re8 8. Nge2 c6 9. f3 a5 10. O-O h6 11. Bh4 b5 12. Rc1 Nbd7 13. Kh1 Nb6 14. b3 Bd7 15. Bf2 a4 16. e4 dxe4 17. fxe4 Ba3 18. e5 Bxc1 19. Qxc1 Nfd5 20. Ne4 axb3 21. axb3 Qe7 22. Bb1 Ra1 23. Nd6 Rea8 24. Be1 Be6 25. Ng3 Qg5 26. Bd2 Rxb1 27. Bxg5 Rxc1 28. Bxc1 Nb4 29. Ngf5 Bxb3 30. Kg1 Ra7 31. Bd2 Nc2 32. Rf3 Be6 33. Rg3 Ra1+ 34. Kf2 g6 35. Nxh6+ Kf8 36. Nhxf7 Nxd4 37. Ng5 Ra2 38. Nxe6+ Nxe6 39. Ke1 Ra1+ 40. Ke2 Nd5 41. Rg4 Ra2 42. Kd1 b4 43. Rxg6 Ke7 44. h4 b3 45. Nc4 Ra1+ 46. Bc1 Ndf4 47. Rg3 Ne2 48. Kxe2 Rxc1 49. Rg4 b2 50. Nxb2 Rc2+ 51. Kf3 Rxb2 52. Ra4 c5 53. Ra7+ Kf8 54. Ke4 Rd2 55. h5 Rd4+ 56. Kf5 Ng7+ 57. Kg5 Kg8 58. h6 Ne6+ 59. Kf6 Nf8 60. Rc7 Rf4+ 61. Ke7 Rf7+ 0-1

[Event "Serbian League Women 2024"]
[Site "Bajina Basta"]
[Date "2024.10.01"]
[Round "5.13"]
[White "Bivol, Alina"]
[Black "Maltsevskaya, Aleksandra"]
[Result "1/2-1/2"]
[ECO "C83"]
[WhiteElo "2345"]
[BlackElo "2404"]
[Annotator "RC"]
[PlyCount "22"]
[EventDate "2024.09.26"]
[EventType "team-tourn"]
[EventCountry "SRB"]
[SourceTitle "playchess.com"]
[Source "ChessBase"]
[SourceQuality "1"]
[TimeControl "40/5400+30:1800+30"]

1. e4 e5 2. Nf3 Nc6 3. Bb5 a6 4. Ba4 Nf6 5. O-O Nxe4 6. d4 b5 7. Bb3 d5 8. dxe5 Be6 9. c3 Be7 10. Nbd2 Nc5 11. Bc2 d4 1/2-1/2

[Event "Serbian League Women 2024"]
[Site "Bajina Basta"]
[Date "2024.10.01"]
[Round "5.14"]
[White "Prudnikova, Svetlana"]
[Black "Velikic, Adela"]
[Result "1/2-1/2"]
[ECO "E04"]
[WhiteElo "2117"]
[BlackElo "2260"]
[Annotator "RC"]
[PlyCount "51"]
[EventDate "2024.09.26"]
[EventType "team-tourn"]
[EventCountry "SRB"]
[SourceTitle "playchess.com"]
[Source "ChessBase"]
[SourceQuality "1"]
[TimeControl "40/5400+30:1800+30"]

1. d4 d5 2. c4 e6 3. Nf3 Nd7 4. Qc2 Ngf6 5. g3 Bb4+ 6. Bd2 Be7 7. Bg2 O-O 8. O-O dxc4 9. Qxc4 a6 10. Rc1 c5 11. Qc2 cxd4 12. Nxd4 Nc5 13. Nb3 Nxb3 14. Qxb3 a5 15. Bf4 a4 16. Qc2 Nd5 17. Rd1 Qa5 18. Bd2 Qa6 19. Nc3 Nb4 20. Qc1 Nc6 21. Bg5 f6 22. Be3 Ne5 23. Bd4 Nc6 24. Be3 Ne5 25. Bd4 Nc6 26. Be3 1/2-1/2

[Event "Serbian League Women 2024"]
[Site "Bajina Basta"]
[Date "2024.10.01"]
[Round "5.15"]
[White "Zhurova, Anna"]
[Black "Drljevic, Ljilja"]
[Result "1-0"]
[ECO "B06"]
[WhiteElo "2199"]
[BlackElo "2102"]
[Annotator "RC"]
[PlyCount "129"]
[EventDate "2024.09.26"]
[EventType "team-tourn"]
[EventCountry "SRB"]
[SourceTitle "playchess.com"]
[Source "ChessBase"]
[SourceQuality "1"]
[TimeControl "40/5400+30:1800+30"]

1. e4 g6 2. d4 Bg7 3. Nc3 d6 4. Be3 a6 5. Qd2 b5 6. h4 Nf6 7. f3 h5 8. O-O-O b4 9. Nce2 a5 10. Nf4 Bb7 11. e5 dxe5 12. dxe5 Qxd2+ 13. Rxd2 Nfd7 14. e6 Ne5 15. exf7+ Kxf7 16. Ngh3 Bf6 17. Ng5+ Bxg5 18. hxg5 a4 19. Rh4 b3 20. a3 bxc2 21. Nd3 Ned7 22. Nb4 Rc8 23. Bc4+ e6 24. Rf4+ Ke7 25. Bd4 Ra5 26. Re2 Nf8 27. Bf6+ Kf7 28. Nd3 Nbd7 29. g4 hxg4 30. fxg4 Nxf6 31. Ne5+ Ke7 32. gxf6+ Kd6 33. Nf7+ Kd7 34. Rd4+ Ke8 35. Ne5 Rc5 36. Bd3 g5 37. Ng6 Bd5 38. Rh2 Kd7 39. Ne5+ Kd6 40. Nf7+ Kc6 41. Nxg5 Bb3 42. Ne4 Rd5 43. Rxd5 exd5 44. Nc3 d4 45. Ne2 Ne6 46. g5 Nxg5 47. Nxd4+ Kd6 48. Rg2 Rh8 49. Bxc2 Bxc2 50. Kxc2 Ne4 51. f7 Rf8 52. Nf5+ Ke6 53. Nh6 Nd6 54. Rf2 Ke7 55. Nf5+ Ke6 56. Nxd6 cxd6 57. Kc3 d5 58. Kd4 Kd6 59. Rf6+ Ke7 60. Ke5 d4 61. Re6+ Kd7 62. Kf6 Rd8 63. Re7+ Kc6 64. Re8 Rd6+ 65. Re6 1-0

[Event "Serbian League Women 2024"]
[Site "Bajina Basta"]
[Date "2024.10.01"]
[Round "5.16"]
[White "Mijic, Sara"]
[Black "Srdanovic, Jovana"]
[Result "1/2-1/2"]
[ECO "B17"]
[WhiteElo "1993"]
[BlackElo "2142"]
[Annotator "RC"]
[PlyCount "28"]
[EventDate "2024.09.26"]
[EventType "team-tourn"]
[EventCountry "SRB"]
[SourceTitle "playchess.com"]
[Source "ChessBase"]
[SourceQuality "1"]
[TimeControl "40/5400+30:1800+30"]

1. e4 c6 2. d4 d5 3. Nd2 dxe4 4. Nxe4 Nd7 5. Ng5 Ngf6 6. Bd3 e6 7. N1f3 Bd6 8. Qe2 Qe7 9. Ne5 O-O 10. Bc4 Nb6 11. Bd3 Nbd7 12. Bf4 h6 13. h4 Bxe5 14. Bxe5 a5 1/2-1/2

[Event "Serbian League Women 2024"]
[Site "Bajina Basta"]
[Date "2024.10.01"]
[Round "5.17"]
[White "Aydin, Gulenay"]
[Black "Unuk, Laura"]
[Result "1/2-1/2"]
[ECO "C47"]
[WhiteElo "2202"]
[BlackElo "2316"]
[Annotator "RC"]
[PlyCount "45"]
[EventDate "2024.09.26"]
[EventType "team-tourn"]
[EventCountry "SRB"]
[SourceTitle "playchess.com"]
[Source "ChessBase"]
[SourceQuality "1"]
[TimeControl "40/5400+30:1800+30"]

1. e4 e5 2. Nf3 Nc6 3. Nc3 Nf6 4. d4 Bb4 5. Nxe5 Qe7 6. Qd3 Nxe5 7. dxe5 Qxe5 8. Bd2 d6 9. f4 Qc5 10. a3 Bxc3 11. Bxc3 Bd7 12. O-O-O O-O-O 13. Bd4 Qc6 14. Bxf6 gxf6 15. Qd4 Qb6 16. Qxb6 axb6 17. Bc4 Be6 18. Bxe6+ fxe6 19. g4 Rdg8 20. Rhg1 Rg7 21. Rg3 Rhg8 22. Rdg1 e5 23. f5 1/2-1/2

[Event "Serbian League Women 2024"]
[Site "Bajina Basta"]
[Date "2024.10.01"]
[Round "5.18"]
[White "Lach, Aleksandra"]
[Black "Yildiz, Elif Zeren"]
[Result "1/2-1/2"]
[ECO "A45"]
[WhiteElo "2278"]
[BlackElo "1934"]
[Annotator "RC"]
[PlyCount "54"]
[EventDate "2024.09.26"]
[EventType "team-tourn"]
[EventCountry "SRB"]
[SourceTitle "playchess.com"]
[Source "ChessBase"]
[SourceQuality "1"]
[TimeControl "40/5400+30:1800+30"]

1. d4 Nf6 2. Bg5 c5 3. Bxf6 exf6 4. dxc5 Bxc5 5. e3 d5 6. c3 Nc6 7. Nd2 O-O 8. Nb3 Bb6 9. Nf3 Be6 10. Be2 Rc8 11. O-O Qe7 12. Nbd4 g6 13. Qd2 Ne5 14. Rad1 Rfd8 15. Rfe1 Bc7 16. g3 a6 17. Bf1 Nc4 18. Qc1 Nd6 19. Bg2 Ne4 20. Nxe6 fxe6 21. Nd4 f5 22. Qc2 Be5 23. Qb3 Nc5 24. Qc2 Ne4 25. Qb3 Nc5 26. Qc2 Ne4 27. Qb3 Nc5 1/2-1/2

[Event "Serbian League Women 2024"]
[Site "Bajina Basta"]
[Date "2024.10.01"]
[Round "5.19"]
[White "Vujcic, Milena"]
[Black "Bojicic, Andjela"]
[Result "0-1"]
[ECO "B06"]
[WhiteElo "2076"]
[BlackElo "2071"]
[Annotator "RC"]
[PlyCount "114"]
[EventDate "2024.09.26"]
[EventType "team-tourn"]
[EventCountry "SRB"]
[SourceTitle "playchess.com"]
[Source "ChessBase"]
[SourceQuality "1"]
[TimeControl "40/5400+30:1800+30"]

1. e4 g6 2. d4 Bg7 3. Nc3 d6 4. Be3 a6 5. h4 h5 6. Qd2 b6 7. O-O-O Bb7 8. f3 Nd7 9. Nh3 c5 10. Ng5 e6 11. f4 Nh6 12. Be2 Qc7 13. d5 e5 14. f5 gxf5 15. Bxh5 O-O-O 16. Bxf7 f4 17. Bf2 Nf8 18. Bh5 b5 19. g3 Kb8 20. Ne2 fxg3 21. Nxg3 Bc8 22. Qe2 Nh7 23. Be3 Nf6 24. Bf3 Nhg4 25. Bd2 Nh6 26. Rdf1 c4 27. Qe1 Rdf8 28. Bg2 Qe7 29. Nf5 Nxf5 30. exf5 Bh6 31. Ne6 Bxd2+ 32. Qxd2 Rfg8 33. Qf2 Bb7 34. Rd1 Ng4 35. Qb6 Nf6 36. Bf3 Rc8 37. Rdg1 Nd7 38. Qf2 Nc5 39. Nxc5 Rxc5 40. Be4 Rcc8 41. f6 Qc7 42. Rg7 Qa5 43. c3 b4 44. Rh3 Qb5 45. cxb4 Qxb4 46. Rc3 Qa5 47. a3 Qd8 48. Kb1 Rf8 49. Rf3 c3 50. bxc3 Ka8 51. Ka2 Qa5 52. Qb2 Bxd5+ 53. Bxd5+ Qxd5+ 54. Qb3 Qxf3 55. Qb6 Qe2+ 56. Kb1 Qd3+ 57. Ka2 Qc2+ 0-1

[Event "Serbian League Women 2024"]
[Site "Bajina Basta"]
[Date "2024.10.01"]
[Round "5.20"]
[White "Maksimovic, Masa"]
[Black "Petrovic, Marija"]
[Result "1/2-1/2"]
[ECO "C40"]
[WhiteElo "2093"]
[BlackElo "1898"]
[Annotator "RC"]
[PlyCount "76"]
[EventDate "2024.09.26"]
[EventType "team-tourn"]
[EventCountry "SRB"]
[SourceTitle "playchess.com"]
[Source "ChessBase"]
[SourceQuality "1"]
[TimeControl "40/5400+30:1800+30"]

1. e4 e5 2. Nf3 Qe7 3. Bc4 d6 4. Nc3 c6 5. a4 Nf6 6. h3 h6 7. O-O g6 8. d4 Bg7 9. dxe5 dxe5 10. b3 O-O 11. Ba3 c5 12. Nd5 Nxd5 13. Bxd5 Na6 14. Qe2 Rb8 15. c3 b6 16. Bc4 Nc7 17. b4 Be6 18. bxc5 bxc5 19. Bxe6 Nxe6 20. Qc4 Rfd8 21. Rfd1 Rxd1+ 22. Rxd1 Qc7 23. Kh2 Qb6 24. Nd2 Qd6 25. Qd5 Qc7 26. Nf1 Qb6 27. Ne3 Qb3 28. Bxc5 Qxa4 29. Be7 Nf4 30. Qc4 Qxc4 31. Nxc4 Rc8 32. Rd8+ Rxd8 33. Bxd8 Nd3 34. f3 Bf8 35. Bf6 Bg7 36. Be7 Bf8 37. Bf6 Bg7 38. Be7 Bf8 1/2-1/2

[Event "Serbian League Women 2024"]
[Site "Bajina Basta"]
[Date "2024.10.01"]
[Round "5.21"]
[White "Badelka, Olga"]
[Black "Muetsch, Annmarie"]
[Result "1-0"]
[ECO "E90"]
[WhiteElo "2430"]
[BlackElo "2290"]
[Annotator "TA"]
[PlyCount "63"]
[EventDate "2024.09.26"]
[EventType "team-tourn"]
[EventCountry "SRB"]
[SourceTitle "playchess.com"]
[Source "ChessBase"]
[SourceQuality "1"]
[TimeControl "40/5400+30:1800+30"]

1. d4 Nf6 2. c4 g6 3. Nc3 Bg7 4. e4 d6 5. Nf3 O-O 6. h3 c5 7. d5 b5 8. cxb5 a6 9. a4 Qa5 (9... e6 $14) 10. Bd2 $16 axb5 11. Bxb5 Bd7 {[%emt 0:02:29] White is better.} 12. O-O Qb6 13. Re1 Na6 {[%emt 0:02:46] [#]} (13... Bxb5 $16 {was called for.} 14. Nxb5 Na6) 14. e5 $1 $18 dxe5 15. Nxe5 Bxb5 16. axb5 Nb4 17. Rxa8 Rxa8 18. Qb3 {[%emt 0:00:25][%cal Od5d6] d6! is the strong threat.} Qb7 (18... Qd6 {might work better.} 19. Nc4 Qd8) 19. Nc6 $2 (19. Nxf7 $18 {and White stays clearly on top.} Nbxd5 20. Nh6+ Bxh6 21. Bxh6) 19... e6 $16 20. Nxb4 (20. dxe6 Nxc6 21. exf7+ Qxf7 22. Qxf7+ Kxf7 $18) 20... cxb4 21. Qxb4 Nxd5 22. Nxd5 Qxd5 23. b6 {[%emt 0:02:08] aiming for b7.} Bf8 24. Qf4 (24. Qc3 $18) 24... Bd6 25. Qf3 Qxf3 26. gxf3 {[%emt 0:00:04][%mdl 4096] Endgame. KRB-KRB} Rb8 (26... Kf8 $16) 27. Be3 $18 Kf8 28. Ra1 f5 {[%emt 0:01:24] [#]} (28... Be7 $16 29. b4 Bd8) 29. b4 $1 Bxb4 {[%emt 0:01:10] [#]} 30. Ra7 (30. Rb1 $1 $18 {[%cal Rb1b4] and the rest is easy.} Bd6 31. b7) 30... Bd6 (30... e5 $16) 31. Rxh7 f4 $2 {[%emt 0:02:25] [#]} (31... Kg8 32. Rd7 f4) 32. Bc5 $1 {[%emt 0:00:09][%mdl 512] Weighted Error Value: White=0.30/Black=0.53.  Loses game:     	---       	Black=1      Missed win:     	White=1     	---        Mistake:       	White=2     	Black=5      OK:         	White=8     	Black=10     Best:        	White=4     	Black=2      Strong:       	White=1     	---} 1-0

[Event "Serbian League Women 2024"]
[Site "Bajina Basta"]
[Date "2024.10.01"]
[Round "5.22"]
[White "Brunello, Marina"]
[Black "Zimina, Olga"]
[Result "1/2-1/2"]
[ECO "B36"]
[WhiteElo "2348"]
[BlackElo "2302"]
[Annotator "RC"]
[PlyCount "161"]
[EventDate "2024.09.26"]
[EventType "team-tourn"]
[EventCountry "SRB"]
[SourceTitle "playchess.com"]
[Source "ChessBase"]
[SourceQuality "1"]
[TimeControl "40/5400+30:1800+30"]

1. e4 c5 2. Nf3 Nc6 3. d4 cxd4 4. Nxd4 g6 5. c4 Nf6 6. Nc3 d6 7. Be2 Nxd4 8. Qxd4 Bg7 9. Bg5 O-O 10. Qd2 a5 11. O-O a4 12. Rab1 Qa5 13. Qe3 Be6 14. h4 Rfc8 15. Nd5 Bxd5 16. cxd5 Qc5 17. Qd3 Qb4 18. Bf3 Rc7 19. Qe2 Rac8 20. Rfc1 Rxc1+ 21. Rxc1 Rxc1+ 22. Bxc1 Nd7 23. Qc2 Nc5 24. g3 h5 25. Kg2 Kf8 26. Kf1 Bf6 27. Bh6+ Kg8 28. Bc1 Qd4 29. Be3 Qxb2 30. Qxb2 Bxb2 31. Bxc5 dxc5 32. Be2 Kf8 33. Bb5 a3 34. Ke2 e6 35. d6 Be5 36. d7 Ke7 37. Kd3 Bd4 38. Ke2 Kd8 39. f4 Kc7 40. e5 Bc3 41. Kf3 Be1 42. Kg2 Kd8 43. Kf3 Ke7 44. Kg2 Ba5 45. Kf3 f6 46. exf6+ Kxf6 47. Ke4 Ke7 48. Ke3 Be1 49. Kf3 Ba5 50. Ke3 Kf6 51. Ke4 Bc7 52. Bc4 Ke7 53. Bb5 Kd6 54. Kd3 e5 55. fxe5+ Kxe5 56. Ke3 Bd8 57. Bc4 g5 58. hxg5 Bxg5+ 59. Kd3 Kd6 60. Bf7 b5 61. Bxh5 Kxd7 62. Kc2 c4 63. Bf7 Kd6 64. Be8 Kc5 65. Bf7 b4 66. Bg6 Bf6 67. Bf5 b3+ 68. Kb1 Kd4 69. Bg6 Kc3 70. Bf5 Bg5 71. Bg6 Bc1 72. Bf5 Bb2 73. Bg6 Kd2 74. Bf5 Be5 75. Bg6 Bxg3 76. Bf5 Bd6 77. Bg6 bxa2+ 78. Kxa2 Kc1 79. Bf5 c3 80. Kb3 Kd2 81. Bg6 1/2-1/2